 Dungeon Crawl Stone Soup version 0.19-a0-1111-gcceb26a (webtiles) character file.

1124 Gorice the Conjurer (level 8, -2/59 HPs)
             Began as a Demonspawn Venom Mage on Aug 11, 2016.
             Slain by Edmund
             ... wielding a +2 flail of protection
              (6 damage)
             ... on level 4 of the Dungeon.
             The game lasted 00:34:57 (7412 turns).

Gorice the Conjurer (Demonspawn Venom Mage)         Turns: 7412, Time: 00:34:57

Health: -2/59      AC:  9    Str: 10    XL:     8   Next: 13%
Magic:  13/13      EV: 10    Int: 17    God:
Gold:   309        SH:  0    Dex: 14    Spells: 1 memorised, 13 levels left

rFire  + . .     SeeInvis +     a - +2 short sword (speed)
rCold  . . .     Gourm    .     h - +0 ring mail
rNeg   . . .     Faith    .     (no shield)
rPois  .         Spirit   .     d - +0 helmet
rElec  .         Dismiss  .     q - +0 cloak
rCorr  .         Reflect  .     l - +0 pair of gloves
SustAt .         Harm     .     (boots unavailable)
MR     .....                    (no amulet)
Stlth  ++........               (no ring)
                                u - ring of see invisible

@: drained
A: talons 3, fire resistance 1, nightstalker 1, flame cloud immunity
a: no special abilities


You were on level 4 of the Dungeon.
You were hungry.

You visited 2 branches of the dungeon, and saw 7 of its levels.

You collected 309 gold pieces.

Inventory:

Hand Weapons
 a - a +2 short sword of speed (weapon)
   (You took it off an orc on level 3 of the Dungeon)
 g - a +2 halberd of freezing
   (You took it off a wight on level 6 of the Dungeon)
 i - a +1 spear of freezing
   (You took it off a wight on level 6 of the Dungeon)
 v - a +0 hunting sling
 x - a +1 scimitar
 y - a +0 halberd
 z - a +0 long sword
 A - a +0 great mace
Missiles
 j - 7 curare-tipped needles
 m - 6 poisoned javelins (quivered)
 s - 54 sling bullets
 B - 16 poisoned needles
 Y - 2 throwing nets
 Z - 113 stones
Armour
 d - a +0 helmet (worn)
 f - a +0 chain mail
 h - a +0 ring mail (worn)
 l - a +0 pair of gloves (worn)
 o - a +0 robe
 q - a +0 cloak (worn)
Jewellery
 u - a ring of see invisible (left hand)
Wands
 H - a wand of lightning (4/15)
Scrolls
 F - a scroll of magic mapping {unknown}
Potions
 e - 2 potions of might {unknown}
 k - a potion of ambrosia
 p - a potion of flight
 r - a potion of curing
 t - 2 potions of heal wounds {unknown}
 w - a potion of agility {unknown}
 C - 2 potions of degeneration {unknown}
 D - a potion of magic {unknown}
Books
 b - a Young Poisoner's Handbook
 G - Hipike's Disquisition on Lucky Evil Rituals
   (You found it on level 6 of the Dungeon)

   Spells                             Type                      Level
   a - Repel Missiles                 Charms/Air                   2
   b - Bolt of Draining               Conjuration/Necromancy       5
   c - Deflect Missiles               Charms/Air                   6
   d - Ring of Flames                 Charms/Fire                  7
Comestibles
 c - 6 bread rations {!e}


   Skills:
 + Level 3.6(2.6) Fighting
 * Level 4.5(3.5) Armour
 - Level 1.7(0.8) Dodging
 - Level 1.7(0.8) Stealth
 - Level 3.5(2.6) Spellcasting
 - Level 6.0(5.0) Conjurations
 - Level 4.0(3.0) Poison Magic


You had 13 spell levels left.
You knew the following spells:

 Your Spells              Type           Power        Failure   Level  Hunger
a - Sting                 Conj/Pois      ###.         10%         1    #......


Dungeon Overview and Level Annotations

Branches:
Dungeon (6/15)             Temple (1/1) D:4

Altars:
Ashenzari
Elyvilon
Gozag
Hepliaklqana
Makhleb
Nemelex Xobeh
Okawaru
Pakellas
Qazlal
Ru
Sif Muna
Trog
Vehumet
Xom
Yredelemnul
Zin
The Shining One

Annotations:
D:4 Edmund
D:5 exclusion: phantom
D:6 Eustachio


Innate Abilities, Weirdness & Mutations

You have claws for feet.
Your flesh is heat resistant. (rF+)
You are slightly more attuned to the shadows.
You are immune to clouds of flame.


Message History

You bump into the rock wall.
Edmund hits you with a flail of protection.
* * * LOW HITPOINT WARNING * * *
You bump into the rock wall.
Edmund hits you with a flail of protection!
* * * LOW HITPOINT WARNING * * *
Damage: 4 (max 8)
You closely miss Edmund. Your kick misses Edmund.
Edmund is moderately wounded.
You bump into the rock wall.
Edmund closely misses you.
You bump into the rock wall.
Edmund hits you with a flail of protection!
* * * LOW HITPOINT WARNING * * *
Damage: 4 (max 8)
You feel less invigorated.
You feel less confused.
Edmund hits you with a flail of protection!
* * * LOW HITPOINT WARNING * * *
Damage: 5 (max 8)
You hit Edmund but do no damage. Your kick misses Edmund.
Edmund is moderately wounded.
Edmund hits you but does no damage.
You hit Edmund but do no damage.
Edmund is moderately wounded.
Edmund misses you.
You barely miss Edmund. You claw Edmund, but do no damage.
Edmund is moderately wounded.
You hit Edmund.
Edmund is moderately wounded.
Edmund closely misses you.
Edmund gestures with his flail.
Edmund hits you with a flail of protection.
* * * LOW HITPOINT WARNING * * *
Damage: 3 (max 8)
An orc comes into view. It is wielding a whip.
The orc shouts!
Really read
n - a scroll of teleportation {!r}?
As you read the scroll of teleportation {!r}, it crumbles to dust.
You feel strangely unstable. Edmund barely misses you.
Your surroundings suddenly seem different.
The orc shouts!
Edmund hits you with a flail of protection.
* * * LOW HITPOINT WARNING * * *
Damage: 1 (max 8)
The orc hits you but does no damage.
You barely miss Edmund.
Edmund is moderately wounded.
You are feeling hungry.
Edmund hits you with a flail of protection.
You die...

####### ######### #.....#
#.......# ####.###.#
#.......# #.<....#<#
#.#####.#### #.##.#.#.#
#.##.......# #.##...#.#
#.##.##.##.## #.##.....#
#...........#####.##.#####
#.......##...@@...##.#
#.##.....##o########.#
#.###.......###### #.#
#........##......# #>#
####.............# #.###
#..#####......# #...#
#..#####......# ###.#
#............<# ##.#
#.#########.#### #._#


You could see Edmund and an orc.

Vanquished Creatures
  A centaur (D:5)
  3 scorpions (D:5)
  5 wights
  A howler monkey (D:4)
  4 crimson imps
  An orc priest (D:6)
  A hound (D:5)
  4 jellies
  An iguana (D:6)
  3 orc wizards
  A worker ant (D:5)
  A hound skeleton (D:4)
  4 gnolls (D:5)
  3 adders
  A howler monkey skeleton (D:4)
  2 shadow imps (D:5)
  2 oozes
  A worm (D:2)
  A dart slug (D:3)
  8 giant geckos
  9 orcs
  10 bats
  3 giant cockroaches
  4 goblins
  4 hobgoblins
  7 jackals
  10 kobolds
  2 quokkas
  A ball python (D:4)
  A giant cockroach zombie (D:6)
  4 giant newts
  9 rats
112 creatures vanquished.

Notes
Turn   | Place    | Note
-------+----------+-------------------------------------------
     0 | D:1      | Gorice the Demonspawn Venom Mage began the quest for the Orb.
     0 | D:1      | Reached XP level 1. HP: 13/13 MP: 3/3
    81 | D:1      | Reached skill level 1 in Conjurations
   295 | D:1      | Gained mutation: You have sharp toenails. [demonic ancestry]
   295 | D:1      | Reached XP level 2. HP: 19/19 MP: 3/5
   428 | D:1      | HP: 5/19 [bat (1)]
   437 | D:1      | HP: 4/19 [bat (1)]
   441 | D:1      | HP: 1/19 [bat (1)]
   948 | D:1      | Reached skill level 2 in Conjurations
  1088 | D:2      | Found a basalt altar of Yredelemnul.
  1264 | D:2      | Reached XP level 3. HP: 24/24 MP: 1/6
  2530 | D:3      | Found a hazy altar of Hepliaklqana.
  2531 | D:3      | Found a shimmering altar of Xom.
  2531 | D:3      | Noticed a hell beast
  2532 | D:3      | Noticed a spectral ugly thing
  2532 | D:3      | Noticed a hell beast
  2898 | D:4      | Reached skill level 3 in Spellcasting
  2898 | D:4      | Gained mutation: You have razor-sharp toenails. [demonic ancestry]
  2898 | D:4      | Reached XP level 4. HP: 17/30 MP: 8/8
  2933 | D:4      | Reached skill level 3 in Conjurations
  3005 | D:4      | Found a staircase to the Ecumenical Temple.
  3013 | Temple   | Entered the Ecumenical Temple
  3284 | D:4      | Noticed Edmund
  3388 | D:3      | Gained mutation: You are slightly more attuned to the shadows. [demonic ancestry]
  3388 | D:3      | Reached XP level 5. HP: 32/35 MP: 4/10
  3461 | D:4      | Found a deep blue altar of Sif Muna.
  3844 | D:4      | Reached skill level 4 in Conjurations
  4262 | D:5      | Entered Level 5 of the Dungeon
  4268 | D:5      | Gained mutation: You have claws for feet. [demonic ancestry]
  4268 | D:5      | Reached XP level 6. HP: 41/41 MP: 6/11
  4298 | D:5      | Reached skill level 5 in Conjurations
  4344 | D:5      | HP: 12/41 [worker ant (4)]
  4346 | D:5      | HP: 5/41 [worker ant (6)]
  4697 | D:5      | Reached skill level 6 in Conjurations
  4794 | D:5      | Reached skill level 1 in Armour
  5050 | D:5      | Reached skill level 1 in Fighting
  5050 | D:5      | Gained mutation: Your flesh is heat resistant. (rF+) [demonic ancestry]
  5050 | D:5      | Reached XP level 7. HP: 42/48 MP: 8/12
  5333 | D:5      | Reached skill level 2 in Armour
  5631 | D:5      | Reached skill level 2 in Fighting
  5940 | D:6      | Reached skill level 3 in Armour
  6310 | D:6      | Noticed a troll
  6518 | D:5      | Reached skill level 3 in Fighting
  6782 | D:5      | Reached skill level 4 in Armour
  6874 | D:5      | Gained mutation: You are immune to clouds of flame. [demonic ancestry]
  6874 | D:5      | Reached XP level 8. HP: 49/58 MP: 8/13
  7027 | D:6      | Identified Hipike's Disquisition on Lucky Evil Rituals
  7063 | D:6      | Noticed Eustachio
  7311 | D:4      | HP: 16/59 [Edmund/flail of protection (4)]
  7329 | D:4      | HP: 11/59 [Edmund/flail of protection (9)]
  7349 | D:4      | HP: 7/59 [Edmund/flail of protection (7)]
  7365 | D:4      | HP: 8/59 [Edmund/flail of protection (3)]
  7380 | D:4      | HP: 10/59 [Edmund/flail of protection (11)]
  7385 | D:4      | HP: 8/59 [Edmund/flail of protection (7)]
  7386 | D:4      | HP: 3/59 [Edmund/flail of protection (8)]
  7394 | D:4      | HP: 2/59 [Edmund/flail of protection (3)]
  7406 | D:4      | HP: 3/59 [Edmund/flail of protection (1)]
  7412 | D:4      | Slain by Edmund

Vault maps used:
D:1:      moated_graveyard_arrival, minmay_split_cup_large
D:2:      marbit_many_paths, first_bread
D:3:      regret_index_temple_of_mockery, minmay_misc_feat_doors
D:4:      overflow_temple_1_default, uniq_edmund
D:5:      minmay_misc_feat_ornament, roderic_roman_lattice,
          kennysheep_generic_room_7
D:6:      sword_in_stone
Temple:   nicolae_temple_figure_eight

Skill      XL: |  1  2  3  4  5  6  7 |
---------------+----------------------+-----
Conjurations   | 1 2 3 4 6 |  6.0
Spellcasting   | 3 |  3.5
Armour         | 1 4 |  4.5
Fighting       | 1 3 |  3.6
Dodging        | |  1.7
Stealth        | |  1.7
Poison Magic   | |  4.0

Action                   |  1- 3 |  4- 6 |  7- 9 || total
-------------------------+-------+-------+-------++-------
Melee: Unarmed           |    11 |       |       ||    11
       Short sword       |    22 |    75 |   181 ||   278
       Kick              |     9 |    17 |    44 ||    70
       Spear             |       |       |    33 ||    33
Throw: Javelin           |     4 |     1 |     8 ||    13
 Cast: Sting             |   104 |    81 |    85 ||   270
Evoke: Wand              |       |       |     1 ||     1
  Use: Potion            |     2 |     2 |     4 ||     8
       Scroll            |     9 |     1 |     2 ||    12
 Stab: Sleeping          |       |     3 |       ||     3
  Eat: Chunk             |     7 |     4 |       ||    11
       Meat ration       |       |     1 |     1 ||     2
       Beef jerky        |       |     1 |       ||     1
Armor: Robe              |    17 |       |       ||    17
       Ring mail         |    40 |    22 |    69 ||   131
       Skin              |       |       |     6 ||     6
Dodge: Dodged            |    79 |    34 |    78 ||   191

Table legend:
 A = Turns spent in this place as a percentage of turns spent in the entire game.
 B = Non-inter-level travel turns spent in this place as a percentage of non-inter-level travel turns spent in the entire game.
 C = Inter-level travel turns spent in this place as a percentage of turns spent in this place.
 D = Turns resting spent in this place as a percentage of non-inter-level travel turns spent in this place.
 E = Turns spent auto-exploring this place as a percentage of non-inter-level travel turns spent in this place.
 F = Non-inter-level travel turns spent in this place divided by the number of levels of this place that you've seen.
                   A       B       C       D       E      F
               +-------+-------+-------+-------+-------+----------------------
         Total | 100.0 | 100.0 |   0.7 |   4.7 |   4.2 | 395.1
       Dungeon |  93.1 |  93.1 |   0.7 |   5.0 |   4.4 | 429.2
        Temple |   6.9 |   6.9 |   0.5 |   0.0 |   1.0 | 191.0
               +-------+-------+-------+-------+-------+----------------------

Vault maps used:
D:1:      moated_graveyard_arrival, minmay_split_cup_large
D:2:      marbit_many_paths, first_bread
D:3:      regret_index_temple_of_mockery, minmay_misc_feat_doors
D:4:      overflow_temple_1_default, uniq_edmund
D:5:      minmay_misc_feat_ornament, roderic_roman_lattice,
          kennysheep_generic_room_7
D:6:      sword_in_stone
Temple:   nicolae_temple_figure_eight
